 Dungeon Crawl Stone Soup version 0.17-a0-1399-gd5b76e1 (webtiles) character file.

184 Fluffy the Slasher (level 5, -2/38 HPs)
             Began as a Demonspawn Gladiator on June 19, 2015.
             Slain by an orc
             ... wielding a +4 falchion of electrocution
              (8 damage)
             ... on level 3 of the Dungeon.
             The game lasted 00:10:20 (2848 turns).

Fluffy the Slasher (Demonspawn Gladiator)           Turns: 2848, Time: 00:10:20

Health: -2/38      AC: 14    Str: 17    XL:     5   Next: 36%
Magic:  5/5        EV:  8    Int:  9    God:
Gold:   165        SH:  2    Dex: 13    Spells: 0 memorised, 4 levels left

rFire  . . .     SeeInvis .     a - +0 long sword
rCold  . . .     Clarity  .     f - +0 chain mail
rNeg   . . .     SustAt   .     (no shield)
rPois  .         Gourm    .     c - +0 helmet
rElec  .         Spirit   .     g - +0 cloak
rCorr  .         Warding  .     i - +0 pair of gloves
rMut   .         Stasis   .     (no boots)
MR     .....                    j - amulet of rage
Stlth  ..........               b - ring of wizardry
                                (no ring)

@: not resistant to hostile enchantments, extremely unstealthy
A: claws 1, large bone plates 1, demonic guardian 1
a: Evoke Berserk Rage


You were on level 3 of the Dungeon.
You were not hungry.

You visited 1 branch of the dungeon, and saw 3 of its levels.

You collected 165 gold pieces.

Inventory:

Hand weapons
 a - a +0 long sword (weapon)
Missiles
 d - 3 throwing nets (quivered)
Armour
 c - a +0 helmet (worn)
 f - a +0 chain mail (worn)
 g - a +0 cloak (worn)
 i - a +0 pair of gloves (worn)
Jewellery
 b - a ring of wizardry (right hand)
 j - an amulet of rage (around neck)
Scrolls
 h - a scroll of blinking
 m - a scroll of fear
Potions
 k - a potion of brilliance {unknown}
 l - 2 potions of lignification
 n - a potion of invisibility
 q - a potion of cancellation {unknown}
Comestibles
 e - 3 bread rations
 o - a meat ration
 p - a chunk of flesh


   Skills:
 - Level 2.0 Fighting
 + Level 4.2 Long Blades
 - Level 1.7 Throwing
 + Level 3.3 Armour
 - Level 2.6 Dodging


You had 4 spell levels left.
You didn't know any spells.

Dungeon Overview and Level Annotations

Branches:
Dungeon (3/15)

Altars:
Dithmenos
Elyvilon
Okawaru
Qazlal

Annotations:
D:2 Sigmund


Innate Abilities, Weirdness & Mutations

You have sharp fingernails.
You are partially covered in large bone plates (AC +2, SH +2).
A weak demonic guardian rushes to your aid.


Message History

This raw flesh tastes terrible.
You continue eating. x2
Things that are here:
a whip; a gnoll corpse An orc comes into view.
It is wielding a falchion of electrocution.
You hit the orc.
The orc is lightly wounded.
The orc hits you but does no damage.
You are electrocuted!
Ouch! That really hurt!
You closely miss the orc.
The orc is lightly wounded.
The orc closely misses you.
You closely miss the orc.
The orc is lightly wounded.
The orc hits you but does no damage.
You are electrocuted!
* * * LOW HITPOINT WARNING * * *
You hit the orc.
The orc is almost dead.
The orc hits you but does no damage.
You are electrocuted!
You die...

#.##.#..# # #.### #.##....# #.(..
#.##.#.## .< .#####. #.##.#.###..
.. .. #. #........... #.##. #.
####.######.##..#.## #. #.#
#........# #. #######
#.######........###. ####.....#
#..@o....#.#.##.##..
...#.....############.....##.##..
......>......# #...........
##.#.....###.# #.......##..
##.#.....# #.# ###.######..
##.####### #.# ##.## #.. ##.#
###.#### #...# #.. ...# #......#
#...# ##. #### #.#.##.# #...# #.


You could see an orc.

Vanquished Creatures
  A gnoll sergeant (D:3)
  2 adders
  6 gnolls
  An ooze (D:2)
  A giant gecko (D:1)
  2 orcs
  2 ball pythons
  3 bats (D:1)
  9 hobgoblins
  4 jackals (D:3)
  2 giant cockroaches
  4 giant newts
  5 goblins (D:1)
  7 kobolds
  6 rats
55 creatures vanquished.

Vanquished Creatures (collateral kills)
  3 gnolls
  A bat (D:2)
  A goblin (D:2)
5 creatures vanquished.

Vanquished Creatures (others)
  A goblin (D:2)
1 creature vanquished.

Grand Total: 61 creatures vanquished

Notes
Turn   | Place    | Note
--------------------------------------------------------------
     0 | D:1      | Fluffy the Demonspawn Gladiator began the quest for the Orb.
     0 | D:1      | Reached XP level 1. HP: 16/16 MP: 1/1
   104 | D:1      | Reached skill level 3 in Long Blades
   117 | D:1      | Gained mutation: A weak demonic guardian rushes to your aid. [demonic ancestry]
   117 | D:1      | Reached XP level 2. HP: 15/22 MP: 2/2
   235 | D:1      | Reached skill level 1 in Armour
   724 | D:2      | Found a shadowy altar of Dithmenos.
   797 | D:2      | Reached XP level 3. HP: 17/27 MP: 3/3
  1150 | D:2      | Found a white marble altar of Elyvilon.
  1407 | D:2      | Noticed Sigmund
  1668 | D:2      | Found an iron altar of Okawaru.
  1706 | D:2      | Gained mutation: You are partially covered in large bone plates (AC +2, SH +2). [demonic ancestry]
  1706 | D:2      | Reached XP level 4. HP: 33/33 MP: 4/4
  1880 | D:3      | Found a stormy altar of Qazlal.
  2654 | D:3      | Reached skill level 4 in Long Blades
  2654 | D:3      | Gained mutation: You have sharp fingernails. [demonic ancestry]
  2654 | D:3      | Reached XP level 5. HP: 34/38 MP: 5/5
  2848 | D:3      | Slain by an orc

Vault maps used:
D:1:      lightli_arrival_statue_moat, minmay_misc_feat_square,
          kennysheep_small_spiral
D:2:      elyvilon_altar_4, okawaru_gym_becter, nicolae_dithmenos_shadow_blocks,
          first_bread, uniq_sigmund
D:3:      nicolae_qazlal_eye_of_the_storm

Action                   |  1- 3 |  4- 6 || total
-------------------------+-------+-------++-------
Melee: Long sword        |   164 |   105 ||   269
  Use: Scroll            |     6 |     3 ||     9
  Eat: Chunk             |     3 |     4 ||     7
